 Dungeon Crawl Stone Soup version 0.30-a0-1074-g5db6f66fbb (webtiles) character file.

Game seed: 16710949524413230440

1782 Dittersdorf the Shield-Bearer (level 9, -7/85 HPs)
             Began as a Gargoyle Fighter on Apr 13, 2023.
             Was a Believer of Okawaru.
             Mangled by a death yak (19 damage)
             ... on level 7 of the Dungeon.
             The game lasted 00:08:40 (5723 turns).

Dittersdorf the Shield-Bearer (Gargoyle Fighter)    Turns: 5723, Time: 00:08:41

Health: -7/85      AC: 19    Str: 24    XL:     9   Next: 8%
Magic:  9/9        EV:  8    Int:  9    God:    Okawaru [**....]
Gold:   127        SH:  0    Dex: 12    Spells: 8/8 levels left

rFire   . . .      SeeInvis +    y - +1 morningstar
rCold   . . .      Faith    .    c - +1 buckler
rNeg    + . .      Spirit   .    k - +0 chain mail
rPois   ∞          Reflect  .    (no helmet)
rElec   +          Rampage  .    g - scarf {repulsion}
rCorr   .                        b - +1 pair of gloves {Dex+3}
Will    .....                    (no boots) Stlth
                                 (no amulet)
HPRegen 0.34/turn                A - ring of see invisible
MPRegen 0.11/turn                (no ring)

@: confused, berserking, ambrosia-drunk, studying Ranged Weapons, repel
missiles, very quick
A: sickness immunity, AC +6, negative energy resistance 1, electricity
resistance, torment resistance 1, petrification resistance
a: Renounce Religion, Heroism


You were on level 7 of the Dungeon.
You worshipped Okawaru.
Okawaru was pleased with you.
You visited 2 branches of the dungeon, and saw 9 of its levels.

You collected 292 gold pieces.
You spent 165 gold pieces at shops.

Inventory:

Hand Weapons
 y - a +1 morningstar (weapon)
Armour
 b - a +1 pair of gloves of dexterity (worn)
 c - a +1 buckler (worn)
 g - a scarf of repulsion (worn)
 k - a +0 chain mail (worn)
Jewellery
 A - a ring of see invisible (left hand)
Wands
 C - a wand of flame (4)
Scrolls
 a - a scroll of fear
 j - 2 scrolls of enchant armour
 m - a scroll of teleportation
 r - 3 scrolls of brand weapon
 z - a scroll of poison
Potions
 d - 3 potions of might
 e - 3 potions of invisibility {unknown}
 f - 6 potions of curing {unknown}
 h - 2 potions of resistance {unknown}
 i - 2 potions of mutation {unknown}
 n - 3 potions of heal wounds
 p - 2 potions of flight
 q - 2 potions of brilliance
 t - 2 potions of haste
 u - a potion of magic


   Skills:
 + Level 7.0 Fighting
 + Level 5.9 Maces & Flails
 + Level 7.0 Armour
 + Level 7.1 Shields


You had 8 spell levels left.
You didn't know any spells.
Your spell library contained the following spells:

 Spells                   Type           Power      Damage    Failure   Level
 Shock                    Conj/Air       0%         1d3       94%         1
 Ignite Poison            Fire/Tmut/Pois 0%         N/A       100%        3
 Inner Flame              Hex/Fire       0%         N/A       100%        3
 Ozocubu's Armour         Ice            0%         N/A       100%        3
 Swiftness                Air            0%         N/A       100%        3
 Airstrike                Air            0%         2d(0-16)  100%        4
 Flame Wave               Conj/Fire      0%         2d4       100%        4
 Sticky Flame             Conj/Fire      0%         2d3       100%        4
 Freezing Cloud           Conj/Ice/Air   0%         6-21      100%        5
 Metabolic Englaciation   Hex/Ice        0%         N/A       100%        5
 Yara's Violent Unravell  Hex/Tmut       0%         3d3       100%        5
 Enfeeble                 Hex            0%         N/A       100%        7
 Cigotuvi's Dreadful Rot  Necr/Pois/Air  Unusable   N/A       N/A         2
 Simulacrum               Ice/Necr       Unusable   N/A       N/A         6

Dungeon Overview and Level Annotations

Branches:
Dungeon (8/15)             Temple (1/1) D:5
   Lair: D:8-11

Altars:
Ashenzari
Cheibriados
Elyvilon
Fedhas
Hepliaklqana
Makhleb
Nemelex Xobeh
Okawaru
Sif Muna
Trog
Vehumet
Wu Jian
Xom
Yredelemnul
Zin

Shops:
D:4 [=!=(   D:5 [   D:6 *


Innate Abilities, Weirdness & Mutations

You are immune to sickness and miasma.
Your stone body is resilient. (AC +6)
You are immune to poison.
You resist negative energy. (rN+)
You are resistant to electric shocks. (rElec)
You are resistant to unholy torment.
You are immune to petrification.


Message History

HP restored.
As you read the scroll of identify, it crumbles to dust.
l - a potion of berserk rage You climb downwards.
There is a stone staircase leading up here.
Things that are here:
a +3 flail; 2 scrolls of amnesia
Found a scale mail.
You see here a +0 scale mail.
A death yak comes into view.
Found a potion of flight.
The death yak bellows!
You hear a bellow! 2 death yaks come into view.
The death yak bellows!
A death yak comes into view.
A death yak comes into view.
There is a stone staircase leading up here.
Things that are here:
a +3 flail; 2 scrolls of amnesia The death yak completely misses you.
You climb upwards.
There is a stone staircase leading down here.
You hit the death yak.
The death yak is lightly wounded.
The death yak gores you!!
You puncture the death yak!
The death yak is lightly wounded.
The death yak snorts and paws the ground.
The death yak barely misses you. The death yak gores you!!
You completely miss the death yak.
The death yak is lightly wounded.
The death yak gores you but does no damage.
The death yak gores you.
* * * LOW HITPOINT WARNING * * *
You are confused.
You feel invigorated. The death yak gores you!
* * * LOW HITPOINT WARNING * * *
A red film seems to cover your vision as you go berserk!
You feel yourself moving faster!
You feel mighty! The death yak gores you!!
You die...

#.##.####.#
#..###..#.#.))##.#..#
..##......#
#..###..#...)....#..#
###########
#....#..###)<........
#.##.#..###...####.##
#.##.#.............#
#.......##.....#####
####.#####.....#
#.....# #.....#
##.#@#.# #.....#
##.#Y>#.# #.....# ##
#.###.#.# ####### #.
##.#.##.# #.
##.###.###### #.
#.....##...## #.
#.#####.###.#######.
#.# #.## ##........
#.####.# #.#######


You could see a death yak.

Vanquished Creatures
  A hornet (D:5)
  A black bear (D:7)
  2 ice beasts (D:7)
  An ogre (D:5)
  2 kobold brigands
  2 bullfrogs (D:7)
  A scorpion (D:5)
  5 wights
  2 howler monkeys
  2 hounds
  2 jellies
  2 orc priests (D:6)
  2 sleepcaps
  An iguana (D:4)
  2 orc wizards
  3 gnolls (D:6)
  6 adders
  2 shadow imps
  2 white imps (D:7)
  An ufetubus (D:7)
  2 dart slugs (D:4)
  5 worms
  24 orcs
  2 ball pythons (D:1)
  4 bats
  3 endoplasms (D:1)
  4 giant cockroaches
  5 goblins
  7 hobgoblins
  6 jackals
  24 kobolds
  3 quokkas
  6 frilled lizards
  4 rats
141 creatures vanquished.

Notes
Turn   | Place    | Note
-------+----------+-------------------------------------------
     0 | D:1      | Dittersdorf the Gargoyle Fighter began the quest for the
                  | Orb.
     0 | D:1      | Reached XP level 1. HP: 14/14 MP: 1/1
   118 | D:1      | Reached XP level 2. HP: 19/19 MP: 2/2
   426 | D:1      | Reached XP level 3. HP: 23/23 MP: 3/3
  1302 | D:2      | Found a sparkling altar of Nemelex Xobeh.
  1338 | D:2      | Reached XP level 4. HP: 29/29 MP: 4/4
  1584 | D:3      | You fall into a shaft and drop 2 floors!
  1584 | D:5      | Entered Level 5 of the Dungeon
  1935 | D:3      | Reached XP level 5. HP: 28/33 MP: 5/5
  2597 | D:4      | Found Bijacu's Jewellery Shoppe.
  2621 | D:4      | Found Razorin's Weapon Shop.
  2773 | D:4      | Found Ycaa's Armour Boutique.
  2779 | D:4      | Bought a +1 pair of gloves of dexterity for 165 gold pieces
  2903 | D:4      | Found Xaydamu's Distillery.
  3032 | D:4      | Found Ibuiqaoff's Jewellery Emporium.
  3078 | D:4      | Reached XP level 6. HP: 37/39 MP: 6/6
  3221 | D:5      | Reached skill level 5 in Fighting
  3221 | D:5      | Reached skill level 5 in Armour
  3221 | D:5      | Reached skill level 5 in Shields
  3227 | D:5      | Found a staircase to the Ecumenical Temple.
  3234 | Temple   | Entered the Ecumenical Temple
  3323 | Temple   | Became a worshipper of Warmaster Okawaru
  3409 | D:5      | Reached XP level 7. HP: 44/44 MP: 7/7
  3462 | D:5      | Found Kyropleh's Armour Boutique.
  3650 | D:5      | Noticed a hornet
  3665 | D:5      | Killed a hornet
  3665 | D:5      | Reached * piety under Okawaru
  3766 | D:5      | Identified the +8 long sword "Nikhutid" {flame, rElec}
  3879 | D:6      | Found Mudueh's Gadget Gallery.
  3993 | D:6      | Reached XP level 8. HP: 51/51 MP: 8/8
  4628 | D:7      | Reached skill level 5 in Maces & Flails
  4910 | D:6      | Reached ** piety under Okawaru
  5386 | D:7      | Reached XP level 9. HP: 50/56 MP: 9/9
  5700 | D:8      | Noticed a death yak
  5701 | D:8      | Noticed a death yak
  5701 | D:8      | Noticed a death yak
  5701 | D:8      | Noticed a death yak
  5702 | D:8      | Noticed a death yak
  5716 | D:8      | Noticed a death yak
  5723 | D:7      | Mangled by a death yak

Illustrated notes

Levels and vault maps discovered:
D:1:      lemuel_arrival_lava_pool, layout_basic, minmay_octomino_c4
D:2:      layout_basic, basic_altar, minmay_door_square, minmay_tripent
D:3:      layout_loops_cross
D:4:      layout_loops_cross, serial_shops, shop, kennysheep_mini,
          nicolae_diamond_shop, nicolae_square_shop, kennysheep_mini_moat
D:5:      layout_rooms, minmay_temple_entry_gardened_gates, serial_shops, shop,
          item_on_display_a
D:6:      layout_loops_cross, nicolae_shop_gadgets
D:7:      layout_loops_cross
D:8:      minmay_gate_of_8, layout_basic, dpeg_lair_monsters
Temple:   minmay_crystal_snake_temple

Skill      XL: |  1  2  3  4  5  6  7  8  9 |
---------------+----------------------------+-----
Shields        | 4 5 7 |  7.1
Fighting       | 4 5 6 7 |  7.0
Armour         | 4 5 6 7 |  7.0
Maces & Flails | 3 4 5 |  5.9

Action                     |  1- 3 |  4- 6 |  7- 9 || total
---------------------------+-------+-------+-------++-------
  Melee: Flail             |   195 |   134 |   175 ||   504
         Morningstar       |       |       |     7 ||     7
    Use: Scroll            |       |    11 |     8 ||    19
         Potion            |       |       |     2 ||     2
 Armour: Scale mail        |   163 |    37 |       ||   200
         Chain mail        |       |    44 |   121 ||   165
  Dodge: Dodged            |   107 |    56 |    74 ||   237
         Repelled          |       |       |     1 ||     1
  Block: Buckler           |    44 |    48 |    63 ||   155

Table legend: (Time is in decaauts)
 A = Elapsed time spent in this place.
 B = Non-inter-level travel time spent in this place.
 C = Inter-level travel time spent in this place.
 D = Time resting spent in this place.
 E = Time spent auto-exploring this place.
 F = Levels seen in this place.
 G = Mean time per level.
                   A        B        C        D        E       F      G
               +--------+--------+--------+--------+--------+-----+--------+
         Total |   5866 |   5458 |    408 |    335 |   3864 |   9 |  651.8 |
       Dungeon |   5708 |   5366 |    342 |    335 |   3793 |   8 |  713.5 |
        Temple |    157 |     91 |     66 |      0 |     71 |   1 |  157.0 |
               +--------+--------+--------+--------+--------+-----+--------+

Top non-repeatable levels by time:
     D:6: 1009 daAuts
     D:3: 827 daAuts
     D:1: 817 daAuts
     D:2: 807 daAuts
     D:7: 781 daAuts
     D:4: 772 daAuts
     D:5: 634 daAuts
  Temple: 157 daAuts
     D:8: 58 daAuts
